 Dungeon Crawl Stone Soup version 0.30-a0-1114-gd936c97349 (webtiles) character file.

Game seed: 12328313537063485481

8500 Anamonty the Tainter (level 11, -10/72 HPs)
             Began as an Octopode Venom Mage on Apr 21, 2023.
             Was a Priest of Qazlal.
             Mangled by an unseen horror simulacrum (15 damage)
             ... on level 10 of the Dungeon.
             The game lasted 00:20:22 (10067 turns).

Anamonty the Tainter (Octopode Venom Mage)         Turns: 10067, Time: 00:20:23

Health: -10/72     AC:  1    Str: 11    XL:     11   Next: 31%
Magic:  9/22       EV: 19    Int: 24    God:    Qazlal [***...]
Gold:   632        SH:  4    Dex: 22    Spells: 16/24 levels left

rFire   . . .      SeeInvis .    L - staff of poison
rCold   . . .      Faith    .    (no shield)
rNeg    . . .      Spirit   .    (helmet restricted)
rPois   +          Reflect  .    F - amulet of magic regeneration
rElec   .          Rampage  .    i - ring of Xolaefo {Int+6 Dex+3}
rCorr   .                        u - ring of flight
Will    .....                    x - +6 ring of dexterity
Stlth   +++                      G - ring of wizardry
HPRegen 0.32/turn                (no ring)
MPRegen 0.58/turn                (no ring)
                                 (no ring)
                                 (no ring)

@: flying, studying Shields
A: almost no armour, amphibious, 8 rings, camouflage 1, gelatinous body 1,
(nimble swimmer 1), tentacles
a: Renounce Religion, Upheaval, Elemental Force


You were on level 10 of the Dungeon.
You worshipped Qazlal.
Qazlal was most pleased with you.
You visited 2 branches of the dungeon, and saw 11 of its levels.
You also visited: Bailey.

You collected 632 gold pieces.

Inventory:

Hand Weapons
 p - a +2 heavy sling
Missiles
 e - 4 throwing nets
Armour
 M - the orb of the Dungeon {*channel, Will+ Int-5 Dex+2}
   (You took it off a deep elf pyromancer on level 10 of the Dungeon)

   Int:       It affects your intelligence (-5).
   Dex:       It affects your dexterity (+2).
   Will:      It increases your willpower.
Magical Staves
 L - a staff of poison (weapon)
Jewellery
 d - a ring of fire
 i - the ring of Xolaefo (left tentacle) {Int+6 Dex+3}
   (You acquired it on level 2 of the Dungeon)

   [ring of intelligence]

   Int:       It affects your intelligence (+6).
   Dex:       It affects your dexterity (+3).
 s - a ring of ice
 u - a ring of flight (right tentacle)
 x - a +6 ring of dexterity (on tentacle)
 F - an amulet of magic regeneration (around mantle)
 G - a ring of wizardry (on tentacle)
 K - a ring of ice
Wands
 n - a wand of iceblast (25)
 H - a wand of flame (14)
 I - a wand of digging (6)
Scrolls
 b - 6 scrolls of teleportation
 f - 4 scrolls of poison
 j - 2 scrolls of immolation
 k - a scroll of magic mapping
 o - 2 scrolls of brand weapon
 r - a scroll of amnesia {unknown}
 t - 2 scrolls of vulnerability
 v - a scroll of blinking {unknown}
 w - 2 scrolls of noise
 y - 2 scrolls of fog {unknown}
 A - 3 scrolls of summoning {unknown}
 D - a scroll of enchant armour {unknown}
 E - 2 scrolls of fear {unknown}
 J - a scroll of acquirement
Potions
 a - a potion of cancellation
 h - a potion of flight {unknown}
 l - a potion of ambrosia {unknown}
 m - a potion of brilliance {unknown}
 q - 5 potions of attraction
 B - 3 potions of lignification {unknown}
 C - 2 potions of haste {unknown}


   Skills:
 + Level 5.8 Fighting
 + Level 8.0 Dodging
 - Level 2.6 Stealth
 + Level 5.7 Unarmed Combat
 + Level 7.3 Spellcasting
 * Level 6.0 Transmutations
 * Level 1.7 Earth Magic
 - Level 10.0 Poison Magic
 + Level 3.1 Invocations
 + Level 0.6 Evocations


You had 16 spell levels left.
You knew the following spells:

 Your Spells              Type           Power      Damage    Failure   Level
a - Sting                 Tmut/Pois      100%       1d8       1%          1
b - Olgreb's Toxic Radia  Pois           71%        N/A       1%          4
c - Mephitic Cloud        Conj/Pois/Air  37%        N/A       2%          3

Your spell library contained the following spells:

 Spells                   Type           Power      Damage    Failure   Level
 Sandblast                Erth           34%        2d9       1%          1
 Poisonous Vapours        Pois/Air       98%        N/A       1%          2
 Wereblood                Tmut           37%        N/A       1%          2
 Magic Dart               Conj           32%        1d4       2%          1
 Call Imp                 Summ           16%        N/A       4%          2
 Sublimation of Blood     Necr           8%         N/A       4%          2
 Call Canine Familiar     Summ           8%         N/A       9%          3
 Portal Projectile        Hex/Tloc       16%        N/A       9%          3
 Leda's Liquefaction      Hex/Erth       6%         N/A       19%         4
 Statue Form              Tmut/Erth      18%        N/A       61%         6
 Summon Hydra             Summ           4%         N/A       100%        7
 Polar Vortex             Ice            4%         N/A       100%        9
 Animate Armour           Summ/Erth      Unusable   N/A       N/A         4

Dungeon Overview and Level Annotations

Branches:
Dungeon (10/15)            Temple (1/1) D:4          Bailey (visited)
   Lair: D:8-11         Orc: D:9-12

Altars:
Ashenzari
Cheibriados
Dithmenos
Elyvilon
Fedhas
Gozag
Hepliaklqana
Kikubaaqudgha
Makhleb
Nemelex Xobeh
Okawaru
Qazlal
Ru
Sif Muna
Uskayaw
Vehumet
Wu Jian
Xom
Yredelemnul
Zin
The Shining One

Annotations:
D:2 Natasha
D:4 Menkaure
D:5 1 runed translucent door, Crazy Yiuf
D:7 2 transporters, Beaer's ghost, novice VSBr


Innate Abilities, Weirdness & Mutations

You cannot wear most types of armour.
You are amphibious.
You can wear up to eight rings at the same time.
Your skin changes colour to match your surroundings (Stealth+).
Your rubbery body absorbs attacks. (AC +1, EV +1)
((You are camouflaged when in or above water. (Stealth+)))
You have tentacles for arms and can constrict up to eight enemies at once.


Message History

Casting: Olgreb's Toxic Radiance (safe; 1% risk of failure)
Confirm with . or Enter, or press ? or * to list all spells.
Aiming: Mephitic Cloud (mildly dangerous; 2% risk of failure)
Press: ? - help, Shift-Dir - straight line, f - wyvern
Aim: a wyvern (thunder, severely wounded, very poisoned, chance to affect: 77%)
You feel a surge of power!
The ball explodes into a vile cloud!
The stinking cloud engulfs the wyvern but does no damage.
The wyvern is severely wounded.
The stinking cloud engulfs you but does no damage.
The stinking cloud engulfs the unseen horror simulacrum but does no damage.
The unseen horror simulacrum is lightly damaged.
The stinking cloud engulfs the purple ugly thing but does no damage.
The purple ugly thing is severely wounded.
You constrict the purple ugly thing, but do no damage.
You hear two shouts!
The unseen horror simulacrum hits you.
* * * LOW HITPOINT WARNING * * *
The unseen horror simulacrum freezes you!
* * * LOW HITPOINT WARNING * * *
The wyvern is engulfed in a thunderstorm.
You kill the wyvern!
Qazlal accepts your kill.
The unseen horror simulacrum misses you.
The purple ugly thing is engulfed in noxious fumes.
The purple ugly thing appears confused.
Your Dodging skill increases to level 8!
Unknown command.
You hit the purple ugly thing.
You envenom the purple ugly thing!
The purple ugly thing looks as sick as possible!
The purple ugly thing is almost dead.
Your surroundings seem slightly different.
You lose your grip on the purple ugly thing.
The purple ugly thing is engulfed in noxious fumes.
You feel better.
You kill the purple ugly thing!
Qazlal accepts your kill. The unseen horror simulacrum hits you.
* * * LOW HITPOINT WARNING * * *
The unseen horror simulacrum freezes you!
You die...

# .. #...
##...#
###...#
#####Z@.#
#○○...###
#.††###
#.☼...u..#
#...###...
#..... .
####....#
.##...##
.# ....##


You could see an unseen horror simulacrum.

Vanquished Creatures
  2 two-headed ogres
  An orc knight (D:10)
  An ugly thing (D:10)
  Maggie (D:8)
  Psyche (D:8)
  Grinder (D:5)
  Prince Ribbit (D:5)
  A shadow (D:8)
  3 wyverns
  3 water moccasins
  Duvessa (D:7)
  10 orc warriors
  A black bear (D:6)
  An ogre (D:5)
  16 centaurs
  A phantom (D:7)
  2 bullfrogs
  2 gnoll sergeants
  4 scorpions (D:5)
  Dowan (D:7)
  4 wights (D:8)
  3 killer bees (D:7)
  4 howler monkeys
  A hound (D:6)
  3 orc priests
  3 sleepcaps (D:5)
  Natasha (D:2)
  An iguana (D:7)
  5 orc wizards
  17 gnolls
  6 adders
  2 shadow imps
  3 white imps
  3 ufetubi (D:5)
  3 worms
  2 dart slugs
  48 orcs
  6 ball pythons
  8 bats
  5 endoplasms
  A giant cockroach (D:2)
  11 goblins
  5 hobgoblins
  8 jackals
  7 frilled lizards
  13 kobolds
  7 rats
234 creatures vanquished.

Vanquished Creatures (collateral kills)
  A deep elf pyromancer (D:10)
  A shadow (D:10)
  A centaur (D:10)
3 creatures vanquished.

Vanquished Creatures (others)
  4 plants (D:10)
4 creatures vanquished.

Grand Total: 241 creatures vanquished

Notes
Turn   | Place    | Note
-------+----------+-------------------------------------------
     0 | D:1      | Anamonty the Octopode Venom Mage began the quest for the
                  | Orb.
     0 | D:1      | Reached XP level 1. HP: 11/11 MP: 3/3
    87 | D:1      | Found a faded altar of an unknown god.
    95 | D:1      | Reached skill level 4 in Poison Magic
    95 | D:1      | Reached XP level 2. HP: 9/17 MP: 1/5
   942 | D:1      | Reached XP level 3. HP: 21/21 MP: 4/6
  1394 | D:2      | Reached XP level 4. HP: 23/27 MP: 3/7
  1570 | D:2      | Reached skill level 5 in Poison Magic
  1828 | D:2      | Noticed Natasha
  1943 | D:2      | Killed Natasha
  2075 | D:2      | Learned a level 4 spell: Olgreb's Toxic Radiance
  2107 | D:3      | Reached XP level 5. HP: 31/31 MP: 9/9
  2430 | D:2      | Identified a scroll of acquirement
  2430 | D:2      | Acquired the ring of Xolaefo {Int+6 Dex+3}
  2433 | D:2      | Noticed Natasha
  2821 | D:4      | Found a shimmering blue altar of Sif Muna.
  3138 | D:4      | Noticed Menkaure
  3304 | D:4      | Noticed a phantom
  3413 | D:5      | Entered Level 5 of the Dungeon
  3433 | D:5      | Noticed Grinder
  3701 | D:4      | Found a staircase to the Ecumenical Temple.
  3760 | Temple   | Entered the Ecumenical Temple
  3767 | Temple   | Became a worshipper of Qazlal Stormbringer
  3901 | D:5      | Noticed a centaur
  3908 | D:5      | Learned a level 3 spell: Mephitic Cloud
  3920 | D:5      | Killed a centaur
  3921 | D:5      | Reached skill level 6 in Poison Magic
  3921 | D:5      | Reached XP level 6. HP: 30/36 MP: 5/11
  4296 | D:5      | Found a radiant altar of Vehumet.
  4312 | D:5      | Reached skill level 7 in Poison Magic
  4312 | D:5      | Reached XP level 7. HP: 41/41 MP: 7/12
  4322 | D:5      | Noticed Prince Ribbit
  4358 | D:5      | Killed Prince Ribbit
  4391 | D:5      | HP: 2/41 [orc/+0 hand axe (6)]
  4449 | D:5      | Reached skill level 8 in Poison Magic
  4481 | D:5      | Reached XP level 8. HP: 26/46 MP: 4/14
  4762 | D:5      | Found a runed translucent door.
  4763 | D:5      | Noticed Crazy Yiuf
  5063 | D:5      | Reached * piety under Qazlal
  5064 | D:5      | Reached skill level 5 in Dodging
  5359 | D:5      | Killed Grinder
  5360 | D:5      | Reached skill level 9 in Poison Magic
  5540 | D:5      | Reached skill level 5 in Spellcasting
  5767 | D:6      | Found a burning altar of Makhleb.
  5783 | D:6      | Found a glowing golden altar of the Shining One.
  5913 | D:6      | Reached skill level 1 in Fighting
  5913 | D:6      | Reached skill level 1 in Unarmed Combat
  6293 | D:7      | Reached XP level 9. HP: 53/53 MP: 11/16
  6420 | D:7      | Found an iron altar of Okawaru.
  6613 | D:7      | Found a transporter.
  6624 | D:7      | Found a transporter.
  6628 | D:7      | Noticed Beaer's ghost (novice VSBr)
  6644 | D:7      | Reached skill level 10 in Poison Magic
  6705 | D:7      | Noticed Duvessa
  6708 | D:7      | Noticed Dowan
  6715 | D:7      | Killed Duvessa
  6716 | D:7      | Killed Dowan
  6964 | D:8      | Reached ** piety under Qazlal
  7302 | D:8      | Noticed Maggie
  7315 | D:8      | Killed Maggie
  7797 | D:8      | Noticed Psyche
  7808 | D:8      | Killed Psyche
  7809 | D:8      | Reached XP level 10. HP: 63/63 MP: 8/19
  8321 | D:9      | Noticed a two-headed ogre
  8351 | D:9      | Killed a two-headed ogre
  8660 | D:9      | Found a sparkling altar of Nemelex Xobeh.
  9058 | D:10     | Entered Level 10 of the Dungeon
  9059 | D:10     | Noticed a two-headed ogre
  9082 | D:10     | Killed a two-headed ogre
  9083 | D:10     | Reached skill level 5 in Fighting
  9083 | D:10     | Reached skill level 5 in Unarmed Combat
  9083 | D:10     | Reached skill level 5 in Transmutations
  9083 | D:10     | Reached skill level 1 in Invocations
  9128 | D:10     | Found a flagged portal.
  9150 | Bailey   | Entered a bailey
  9273 | Bailey   | Reached *** piety under Qazlal
  9528 | Bailey   | Reached XP level 11. HP: 72/72 MP: 17/21
  9686 | Bailey   | Got the Vademecum on the Shivering Anticline
  9886 | D:10     | Identified the orb of the Dungeon {*channel, Will+ Int-5
                  | Dex+2}
  9886 | D:10     | Noticed a deep elf pyromancer
  9897 | D:10     | Killed a deep elf pyromancer
  9898 | D:10     | Reached skill level 1 in Earth Magic
 10005 | D:10     | Noticed an orc knight
 10023 | D:10     | Killed an orc knight
 10054 | D:10     | Noticed a purple ugly thing
 10055 | D:10     | Noticed a red ugly thing
 10067 | D:10     | Killed a purple ugly thing
 10067 | D:10     | Mangled by an unseen horror simulacrum

Illustrated notes

Levels and vault maps discovered:
D:1:      spicycebolla_green_bress_n_ham_2, layout_loops_corners,
          basic_ecumenical_altar
D:2:      layout_loops_ring, minmay_octomino_j4, uniq_natasha
D:3:      layout_loops_cross
D:4:      layout_loops_corners, lemuel_round_altar, temple_pool_b, uniq_menkaure
D:5:      layout_basic, mainiacjoe_overflow_paths,
          kennysheep_opposing_triangles, uniq_crazy_yiuf_cottage,
          uniq_prince_ribbit1, uniq_grinder
D:6:      layout_cave_pools, mainiacjoe_overflow_swirl
D:7:      layout_rooms, kennysheep_okawaru_gauntlet, gammafunk_ghost_arena,
          uniq_duvessa
D:8:      layout_basic, uniq_psyche, uniq_maggie
D:9:      layout_long_grid, mainiacjoe_overflow_24_doors, dk_rats_in_the_wall
D:10:     minmay_the_grid_triangle_9x9_recursive_2_mashed
          [minmay_the_grid_triangle_9x9_prize_center,
          minmay_the_grid_triangle_9x9_shrine,
          minmay_the_grid_triangle_9x9_alien,
          minmay_the_grid_triangle_9x9_negative_grid], layout_loops_cross,
          kennysheep_mini_moat, dpeg_oklobed_lair, enter_bailey_6, uniq_snorg,
          uniq_amaemon
Temple:   nicolae_temple_no_exploring_needed

Skill      XL: |  1  2  3  4  5  6  7  8  9 10 11 |
---------------+----------------------------------+-----
Poison Magic   | 4 5 6 7 8 9 10 | 10.0
Dodging        | 3 4 5 6 7 8 |  8.0
Spellcasting   | 3 4 5 6 7 |  7.3
Fighting       | 1 4 5 |  5.8
Unarmed Combat | 1 3 5 |  5.7
Transmutations | 4 5 6 |  6.0
Invocations    | 2 3 |  3.1
Earth Magic    | 1 |  1.7
Stealth        | |  2.6
Evocations     | |  0.6

Action                     |  1- 3 |  4- 6 |  7- 9 | 10-12 || total
---------------------------+-------+-------+-------+-------++-------
  Melee: Unarmed           |    80 |    69 |   108 |    20 ||   277
         Constrict         |    21 |    16 |    31 |     5 ||    73
         Tentacles         |    20 |    14 |    34 |    10 ||    78
         Punch             |     1 |       |     3 |     1 ||     5
         Staff             |       |       |       |     3 ||     3
   Fire: Sling             |       |    17 |       |       ||    17
   Cast: Sting             |    30 |    31 |    44 |     1 ||   106
         Olgreb's Toxic Ra |       |     9 |    33 |    46 ||    88
         Mephitic Cloud    |       |     1 |     7 |    31 ||    39
 Invoke: Elemental Force   |       |       |       |     2 ||     2
  Evoke: Wand              |       |       |     1 |     3 ||     4
    Use: Scroll            |       |     3 |     8 |     2 ||    13
         Potion            |       |       |     7 |     3 ||    10
   Stab: Sleeping          |     2 |     5 |       |       ||     7
         Confused          |       |     2 |     4 |     3 ||     9
         Paralysed         |       |       |     2 |       ||     2
 Armour: Skin              |     7 |    11 |     7 |     2 ||    27
  Dodge: Dodged            |    63 |    60 |   112 |    58 ||   293
  Block: Other             |       |       |     3 |     6 ||     9

Table legend: (Time is in decaauts)
 A = Elapsed time spent in this place.
 B = Non-inter-level travel time spent in this place.
 C = Inter-level travel time spent in this place.
 D = Time resting spent in this place.
 E = Time spent auto-exploring this place.
 F = Levels seen in this place.
 G = Mean time per level.
                   A        B        C        D        E       F      G
               +--------+--------+--------+--------+--------+-----+--------+
         Total |  10088 |   9662 |    426 |      0 |   7467 |  12 |  840.7 |
       Dungeon |   9348 |   8930 |    418 |      0 |   6991 |  10 |  934.8 |
        Temple |     14 |      7 |      7 |      0 |      0 |   1 |   14.0 |
        Bailey |    724 |    724 |      0 |      0 |    476 |   1 |  724.0 |
               +--------+--------+--------+--------+--------+-----+--------+

Top non-repeatable levels by time:
     D:5: 1731 daAuts
     D:8: 1192 daAuts
     D:1: 1096 daAuts
     D:2: 1049 daAuts
     D:9: 974 daAuts
     D:4: 972 daAuts
     D:3: 739 daAuts
  Bailey: 724 daAuts
     D:6: 694 daAuts
     D:7: 615 daAuts
    D:10: 283 daAuts
  Temple: 14 daAuts
